 Dungeon Crawl Stone Soup version 0.22.0-49-gab54619 (webtiles) character file.

65 Doobh the Sneak (level 4, 0/24 HPs)
             Began as a Kobold Enchanter on Sept 4, 2018.
             Slain by a gnoll
             ... wielding a +0 whip
              (6 damage)
             ... on level 3 of the Dungeon.
             The game lasted 00:09:59 (2581 turns).

Doobh the Sneak (Kobold Enchanter)                  Turns: 2581, Time: 00:10:00

Health: 0/24       AC:  3    Str:  5    XL:     4   Next: 35%
Magic:  7/7        EV: 16    Int: 17    God:
Gold:   92         SH:  0    Dex: 15    Spells: 5/8 levels left

rFire    . . .     SeeInvis .   n - +2 dagger (holy)
rCold    . . .     Gourm    .   (shield restricted)
rNeg     . . .     Faith    .   b - +0 robe
rPois    .         Spirit   .   m - +0 helmet
rElec    .         Reflect  .   (no cloak)
rCorr    .         Harm     .   (no gloves)
MR       .....                  (no boots)
Stlth    +++.......             (no amulet)
HPRegen  0.08/turn              (no ring)
MPRegen  0.10/turn              (no ring)

@: no status effects
A: small, carnivore
a: no special abilities


You were on level 3 of the Dungeon.
You were completely stuffed.

You visited 1 branch of the dungeon, and saw 3 of its levels.

You collected 92 gold pieces.

Inventory:

Hand Weapons
 n - a +2 dagger of holy wrath (weapon)
 o - a +0 hunting sling
Missiles
 c - 48 stones (quivered)
 p - 26 sling bullets
Armour
 b - a +0 robe (worn)
 m - a +0 helmet (worn)
Jewellery
 g - a +6 ring of dexterity {unknown}
 h - a cursed -2 ring of dexterity {unknown}
Scrolls
 a - a scroll of enchant armour {unknown}
 e - a scroll of amnesia {unknown}
 f - 2 scrolls of remove curse {unknown}
 j - a scroll of random uselessness {unknown}
Potions
 i - a potion of ambrosia {unknown}
 l - a potion of brilliance {unknown}
Comestibles
 d - 6 rations


   Skills:
 + Level 2.3 Short Blades
 + Level 3.0 Dodging
 + Level 4.5 Stealth
 + Level 2.6 Spellcasting
 * Level 3.8 Hexes


You had 5 spell levels left.
You knew the following spells:

 Your Spells              Type           Power        Failure   Level  Hunger
a - Corona                Hex            ###....      3%          1    #......
b - Ensorcelled Hibernat  Hex/Ice        #.....       13%         2    ##.....

Your spell library contained the following spells:

 Spells                   Type           Power        Failure   Level  Hunger
 Confuse                  Hex            ###.....     12%         3    ###....
 Tukima's Dance           Hex            ###.....     12%         3    ###....
 Dazzling Spray           Conj/Hex       #.....       26%         3    ###....


Dungeon Overview and Level Annotations

Branches:
Dungeon (3/15)

Altars:
Gozag
Trog
Wu Jian

Annotations:
D:3 Ijyb


Innate Abilities, Weirdness & Mutations

You are small and have problems with some larger weapons.
You are carnivorous and can eat meat at any time.


Message History

There is a stone staircase leading up here. 2 gnolls come into view.
A gnoll comes into view. It is wielding a halberd.
The helpless gnoll fails to defend itself.
You impale the gnoll!!
You kill the gnoll!
Your Dodging skill increases to level 3!
The gnoll shouts!
You hear an angry hiss.
The gnoll completely misses you.
An adder comes into view.
You hit the gnoll.
The gnoll is moderately wounded.
The gnoll hits you with a halberd!
Ouch! That really hurt!
The gnoll hits you from afar with a halberd.
The gnoll hits you with a whip.
* * * LOW HITPOINT WARNING * * *
There is a stone staircase leading up here.
The gnoll hits you with a whip.
You die...

## ..#
#.# #.#
#.#
##.##
#...####
#..S...#
#.@g##.#
######.#
#.gS..S#
#.######
#.# #S#
#g# #.#
########
#.#


You could see a gnoll and an adder.

Vanquished Creatures
  A gnoll (D:3)
  An ooze (D:1)
  A worm (D:2)
  4 bats
  5 giant cockroaches
  9 goblins
  7 hobgoblins
  3 kobolds
  3 quokkas (D:2)
  2 ball pythons
  2 frilled lizards (D:1)
  6 rats
44 creatures vanquished.

Notes
Turn   | Place    | Note
-------+----------+-------------------------------------------
     0 | D:1      | Doobh the Kobold Enchanter began the quest for the Orb.
     0 | D:1      | Reached XP level 1. HP: 10/10 MP: 3/3
   122 | D:1      | Reached XP level 2. HP: 12/15 MP: 5/5
   247 | D:1      | Learned a level 2 spell: Ensorcelled Hibernation
   420 | D:1      | Reached XP level 3. HP: 19/19 MP: 1/6
  1073 | D:2      | Found an opulent altar of Gozag.
  1257 | D:2      | Found an ornate altar of the Wu Jian Council.
  1863 | D:2      | Reached XP level 4. HP: 24/24 MP: 7/7
  2167 | D:2      | Noticed a moth of wrath
  2170 | D:2      | Found a bloodstained altar of Trog.
  2473 | D:3      | Noticed Ijyb
  2581 | D:3      | Slain by a gnoll

Skill      XL: |  1  2  3  4 |
---------------+-------------+-----
Short Blades   | 2 |  2.3
Dodging        | 3 |  3.0
Stealth        | |  4.5
Spellcasting   | |  2.6
Hexes          | |  3.8

Action                   |  1- 3 |  4- 6 || total
-------------------------+-------+-------++-------
Melee: Dagger            |   133 |    21 ||   154
Throw: Stone             |     5 |       ||     5
 Cast: Ensorcelled Hiber |    14 |     6 ||    20
 Stab: Sleeping          |    22 |     2 ||    24
  Eat: Chunk             |    12 |     3 ||    15
Armor: Robe              |    16 |       ||    16
Dodge: Dodged            |    90 |    20 ||   110
